[Event "*** Titled Tuesday Blitz"]
[Site "Chess.com"]
[Date "2020.04.21"]
[Round "2"]
[White "Sviridov_Valery"]
[Black "Korchmar_Vasiliy"]
[Result "1-0"]
[WhiteElo "2851"]
[BlackElo "2578"]
[TimeControl "180+1"]
[EndTime "10:16:23 PDT"]
[Termination "Sviridov_Valery won by resignation"]

1. Nf3 d5 2. g3 g6 3. Bg2 Bg7 4. O-O e5 5. d3 Ne7 6. e4 O-O 7.
exd5 Nxd5 8. Nc3 Nxc3 9. bxc3 Nc6 10. Re1 Re8 11. Rb1 Rb8 12. Ng5 Bf5 13. h4 h6 14.
Ne4 Qc8 15. Bd2 Bh3 16. Bf3 Qe6 17. Nc5 Qxa2 18. Qc1 Qa5 19. Nxb7 Qa6 20. Nc5 Rxb1 21. Qxb1 Qa5 22. Bxc6 Qxc5 23. Bxe8 Qd5 24. Re4 f5 25. Qb8 Kh7 26. c4 Qd6 27. Re1 e4 28.
Bf4 Qc5 29. Qxc7 Qb4 30. Rd1 exd3 31. cxd3 Qb3 32. Re1 Qc3 33. Qe7 a5 34. h5 gxh5 35. Bxh5 a4 36. Qe6 a3 37. Bg6+ Kh8 38. Qe8+ 1-0

[Event "*** Titled Tuesday Blitz"]
[Site "Chess.com"]
[Date "2020.04.21"]
[Round "2"]
[White "wonderfultime"]
[Black "kenta1234"]
[Result "1-0"]
[WhiteElo "2900"]
[BlackElo "2597"]
[TimeControl "180+1"]
[EndTime "10:16:24 PDT"]
[Termination "wonderfultime won by resignation"]

1. d4 Nf6 2. Nf3 g6 3. Bg5 Bg7 4. Nbd2 d6 5. c3 O-O 6. e4 c5 7.
dxc5 dxc5 8. Bc4 Nc6 9. O-O Qc7 10. Qe2 h6 11. Bxf6 exf6 12. Nh4 Kh7 13. f4 Re8 14. Rae1 a6 15. a4 Rb8 16. Qf2 b5 17. axb5 axb5 18.
Bd5 Ne7 19. Bxf7 Rf8 20. Ba2 c4 21. Bb1 Qb6 22. Re3 Rd8 23. Ndf3 b4 24. f5 g5 25. Ng6 Nxg6 26. fxg6+ Kg8 27. e5 fxe5 28. Nxe5 Rf8 29. Qf7+ Rxf7 30. gxf7+ Kh8 31. f8=Q+ Bxf8 32. Rxf8+ Kg7 33.
Rf7+ Kg8 34. Bh7+ Kh8 35. Ng6+ Qxg6 36. Bxg6 Bg4 37. cxb4 1-0

[Event "*** Titled Tuesday Blitz"]
[Site "Chess.com"]
[Date "2020.04.21"]
[Round "2"]
[White "ArnaudovP"]
[Black "violetflower04"]
[Result "1-0"]
[WhiteElo "2634"]
[BlackElo "2259"]
[TimeControl "180+1"]
[EndTime "10:16:26 PDT"]
[Termination "ArnaudovP won by resignation"]

1. Nf3 c5 2. c4 e6 3. Nc3 d5 4. d4 cxd4 5. Nxd4 Nf6 6. cxd5 Nxd5 7.
Bd2 Bc5 8. Nb3 Be7 9. g3 O-O 10.
Bg2 Nc6 11. O-O Bf6 12. Rc1 Nxc3 13. Bxc3 Qe7 14. Bxf6 Qxf6 15. Qd2 Rd8 16. Qc3 Bd7 17. Nc5 Qe7 18. Nxb7 Rdc8 19. Qc5 Rab8 20. Qxe7 Nxe7 21. Nd6 Rxc1 22. Rxc1 Rb6 23. Nc4 Ra6 24. Rd1 Be8 25. Rd8 Kf8 26. Nd6 Rxd6 27. Rxd6 Nf5 28. Ra6 Nd4 29.
e3 Ne2+ 30. Kh1 Nc1 31. Rxa7 g6 32. b4 Nd3 33. a3 Kg7 34. Kg1 Nb2 35. Bf1 Ba4 36. b5 1-0

[Event "*** Titled Tuesday Blitz"]
[Site "Chess.com"]
[Date "2020.04.21"]
[Round "2"]
[White "Fh2411"]
[Black "AcsinteMatei"]
[Result "0-1"]
[WhiteElo "2433"]
[BlackElo "2252"]
[TimeControl "180+1"]
[EndTime "10:16:26 PDT"]
[Termination "AcsinteMatei won by resignation"]

1. d4 d5 2. Nf3 Nf6 3. c4 c6 4. e3 a6 5. Nc3 Bg4 6. Qb3 Ra7 7. Ne5 Bf5 8. cxd5 cxd5 9. Bd2 e6 10.
Rc1 Nbd7 11. Bd3 Nxe5 12. Bxf5 Nc4 13. Bd3 Nxd2 14. Kxd2 Bd6 15. h3 O-O 16. g4 b5 17.
a3 Rb7 18. Qc2 b4 19. axb4 Rxb4 20. Ra1 a5 21. Ra2 Qb6 22. g5 Nd7 23. Bxh7+ Kh8 24. Bd3 Rc8 25. f4 e5 26. fxe5 Nxe5 27. Ke2 Nxd3 28.
Kxd3 Rb3 29. Kd2 Bb4 30. Qxb3 Bxc3+ 31. Qxc3 Rxc3 32. bxc3 a4 33. Rha1 a3 34. Rxa3 Qb2+ 35. Kd3 Kh7 36. R3a2 Qb5+ 37. Kd2 Kg6 38. h4 Kf5 39. Rh1 Ke4 40. Ke1 Qd3 41. Re2 Qb1+ 42. Kf2 Qxh1 0-1

[Event "*** Titled Tuesday Blitz"]
[Site "Chess.com"]
[Date "2020.04.21"]
[Round "2"]
[White "Vice64"]
[Black "MihailNik"]
[Result "1-0"]
[WhiteElo "2529"]
[BlackElo "2734"]
[TimeControl "180+1"]
[EndTime "10:16:27 PDT"]
[Termination "Vice64 won by resignation"]

1. e4 e6 2. d4 d5 3. Nc3 dxe4 4.
Nxe4 Nd7 5. Nf3 Ngf6 6. Bg5 Be7 7.
Nxf6+ Nxf6 8. Bd3 O-O 9. Qd2 b6 10. O-O-O Bb7 11. h4 c5 12. dxc5 bxc5 13. Qe2 Qb6 14. Ne5 Rab8 15. c4 Rfd8 16. Rd2 Kf8 17. Rhd1 Qc7 18. Bf4 Bd6 19. g3 a5 20. Bc2 Kg8 21. Kb1 Ba8 22. Nxf7 Bxf4 23. Rxd8+ Rxd8 24. Nxd8 Be5 25. Nxe6 1-0

[Event "*** Titled Tuesday Blitz"]
[Site "Chess.com"]
[Date "2020.04.21"]
[Round "2"]
[White "WhiteKnight2612"]
[Black "Bubar"]
[Result "1-0"]
[WhiteElo "2653"]
[BlackElo "2338"]
[TimeControl "180+1"]
[EndTime "10:16:28 PDT"]
[Termination "WhiteKnight2612 won by resignation"]

1. Nf3 d5 2. g3 Nf6 3. Bg2 Bg4 4. O-O e6 5. c4 c6 6. cxd5 exd5 7. d4 Nbd7 8. Nc3 Bb4 9. Qb3 Qb6 10. Na4 Qa5 11.
a3 Bd6 12. Qxb7 O-O 13. Qxc6 Rac8 14. Qxd6 Qxa4 15. Qf4 Rfe8 16. Re1 Re4 17. Qd2 Rce8 18. e3 R4e6 19. Qb4 Qa6 20. Qd2 Ne4 21. Qc2 Rc8 22.
Qb3 Nb6 23. Ne5 Bf5 24. f3 Nd6 25. e4 Bg6 26. exd5 Bc2 27. Qe3 Nxd5 28. Qf2 Rce8 29. f4 Bb3 30. Bd2 f6 31. Nd7 Qc6 32. Nc5 Rxe1+ 33.
Rxe1 Rxe1+ 34. Qxe1 Bc4 35. Qe6+ Kf8 36. Nd7+ 1-0

[Event "*** Titled Tuesday Blitz"]
[Site "Chess.com"]
[Date "2020.04.21"]
[Round "2"]
[White "boasovietica"]
[Black "semchik73"]
[Result "0-1"]
[WhiteElo "2462"]
[BlackElo "2276"]
[TimeControl "180+1"]
[EndTime "10:16:28 PDT"]
[Termination "semchik73 won on time"]

1. e4 Nf6 2. e5 Nd5 3. d4 d6 4. Nf3 Bg4 5. Bc4 e6 6. O-O dxe5 7. dxe5 Nc6 8. Re1 Bc5 9. c3 O-O 10. Qe2 Bxf3 11. Qxf3 Qh4 12. Bd3 Rad8 13. Re4 Qe7 14.
Qg3 f5 15. exf6 Nxf6 16. Rh4 Bxf2+ 17. Qxf2 Rxd3 18. Qe2 Qc5+ 19. Kh1 Rfd8 20. Bd2 Qd6 21. Rf4 Rxd2 22. Nxd2 Qxd2 23. Qxe6+ Kh8 24. Raf1 Qxf4 0-1

[Event "*** Titled Tuesday Blitz"]
[Site "Chess.com"]
[Date "2020.04.21"]
[Round "2"]
[White "GadimbayliA"]
[Black "fancyknightmaneuvers"]
[Result "1-0"]
[WhiteElo "2938"]
[BlackElo "2603"]
[TimeControl "180+1"]
[EndTime "10:16:30 PDT"]
[Termination "GadimbayliA won by resignation"]

1. e4 c5 2. Nf3 e6 3. d4 cxd4 4.
Nxd4 Nc6 5. Nc3 Qc7 6. Be3 a6 7. Qd2 Nf6 8. f4 Bb4 9. Bd3 d5 10. e5 Nd7 11. O-O Bc5 12. Nce2 Nb4 13. a3 Nxd3 14. cxd3 b5 15. Rac1 Qa7 16. Kh1 Bb7 17.
Rxc5 Qxc5 18. Nxe6 Qc6 19. N2d4 Qb6 20. Nf5 Qxe6 21. Nxg7+ Ke7 22. Nxe6 fxe6 23. f5 exf5 24. Qb4+ Ke8 25. Bg5 1-0

[Event "*** Titled Tuesday Blitz"]
[Site "Chess.com"]
[Date "2020.04.21"]
[Round "2"]
[White "salomez"]
[Black "noblerone"]
[Result "0-1"]
[WhiteElo "2222"]
[BlackElo "2452"]
[TimeControl "180+1"]
[EndTime "10:16:30 PDT"]
[Termination "noblerone won on time"]

1. e4 c5 2. Nf3 e6 3. d4 cxd4 4.
Nxd4 Qb6 5. Nb3 Qc7 6. Nc3 a6 7. Be2 Nf6 8. O-O b5 9. Bd3 Bb7 10. Re1 Bd6 11. h3 Bf4 12. Bxf4 Qxf4 13. e5 Nd5 14.
Ne4 O-O 15. Nd6 Bc6 16. Re4 Qh6 17. Rg4 f5 18. Rg3 f4 19. Rg4 f3 20. Be4 fxg2 0-1

[Event "*** Titled Tuesday Blitz"]
[Site "Chess.com"]
[Date "2020.04.21"]
[Round "2"]
[White "Aygehovit1992"]
[Black "Philosopherrr"]
[Result "1-0"]
[WhiteElo "2684"]
[BlackElo "2475"]
[TimeControl "180+1"]
[EndTime "10:16:31 PDT"]
[Termination "Aygehovit1992 won by resignation"]

1. Nf3 g6 2. d4 Bg7 3. Bf4 d6 4. Nbd2 Nd7 5. e4 e5 6. Bg5 Ngf6 7. Bd3 h6 8. Bh4 O-O 9. c3 Qe8 10. O-O Nh5 11. Re1 Nf4 12. Bf1 g5 13. Bg3 Ng6 14. Nc4 Nf6 15. dxe5 dxe5 16. Nfxe5 Nf4 17. Nd3 Bg4 18.
Qc2 N6h5 19. Nxf4 gxf4 20. Bh4 f3 21. g3 Qc6 22. Ne3 Be6 23. Nf5 Rfe8 24. Ne7+ Rxe7 25. Bxe7 Re8 26. Bh4 Nf6 27. Bxf6 Bxf6 28. e5 Bg5 29.
Qe4 Bd5 30. Qg4 Be6 31. Qb4 Rd8 32. Rad1 Rxd1 33. Rxd1 Kg7 34. Qb5 Qe4 35. Qd3 Qxe5 36. Qxf3 Bxa2 37. Qxb7 Bd5 38. Qxd5 1-0

[Event "*** Titled Tuesday Blitz"]
[Site "Chess.com"]
[Date "2020.04.21"]
[Round "2"]
[White "MarcoCorvi"]
[Black "dcann0n88"]
[Result "0-1"]
[WhiteElo "2150"]
[BlackElo "2421"]
[TimeControl "180+1"]
[EndTime "10:16:34 PDT"]
[Termination "dcann0n88 won by resignation"]

1. e4 c5 2. Nc3 e6 3. Nf3 d6 4.
d4 cxd4 5. Nxd4 Nf6 6. g3 Be7 7. Bg2 O-O 8. O-O Nc6 9. Re1 a6 10. h3 Qc7 11. Be3 Na5 12. Nde2 Bd7 13. Kh2 Rac8 14. f4 b5 15. a3 Nc4 16. Bc1 Bc6 17.
g4 Qb7 18. Qd3 Nd7 19. f5 Nde5 20. Qg3 a5 21. b3 Nb6 22. Be3 b4 23. axb4 axb4 24.
Bxb6 Qxb6 25. Na4 Bxa4 26. Rxa4 Rxc2 27. g5 Kh8 28. f6 gxf6 29. gxf6 Bxf6 30. Bf3 Bh4 31.
Qxh4 Nxf3+ 0-1

[Event "*** Titled Tuesday Blitz"]
[Site "Chess.com"]
[Date "2020.04.21"]
[Round "2"]
[White "maxip32"]
[Black "manuellarrea"]
[Result "1-0"]
[WhiteElo "2417"]
[BlackElo "2143"]
[TimeControl "180+1"]
[EndTime "10:16:35 PDT"]
[Termination "maxip32 won on time"]

1. e4 c5 2. Nf3 Nc6 3. Bb5 g6 4.
Bxc6 dxc6 5. O-O Bg7 6. d3 Nf6 7. h3 O-O 8. Nc3 e5 9. Nxe5 Nxe4 10. Nxe4 Bxe5 11. Bg5 f6 12. Bh6 Re8 13. c3 b6 14.
f4 Bc7 15. Qf3 Bf5 16. g4 Bxe4 17. dxe4 Qe7 18. Rae1 Rad8 19. Re2 b5 20. e5 c4 21. Qxc6 Bb6+ 22. Kg2 Rd3 23. Rfe1 f5 24. Bg5 Qe6 25.
Qxe6+ Rxe6 26. a4 bxa4 27. Ra1 a3 28. Rxa3 Rc6 29. e6 1-0

[Event "*** Titled Tuesday Blitz"]
[Site "Chess.com"]
[Date "2020.04.21"]
[Round "2"]
[White "wannabe2700"]
[Black "LizaSolovyova"]
[Result "0-1"]
[WhiteElo "2673"]
[BlackElo "2493"]
[TimeControl "180+1"]
[EndTime "10:16:37 PDT"]
[Termination "LizaSolovyova won by resignation"]

1. b3 e5 2. Bb2 d6 3. e3 f5 4. c4 Nf6 5. d4 e4 6. Nh3 c6 7. Nf4 Be7 8. d5 O-O 9. Nc3 g5 10. Nh5 Qe8 11. Be2 Nbd7 12. h4 g4 13. Nf4 Ne5 14. h5 h6 15. Qd2 a5 16. Na4 Bd7 17.
Nb6 Ra7 18. c5 Nd3+ 19. Bxd3 exd3 20. Qxd3 dxc5 21. Nxd7 Nxd7 22. O-O-O Bf6 23. Bxf6 Rxf6 24.
Rhe1 Qe5 25. Kb1 a4 26. Ng6 Qe4 27. Qxe4 fxe4 28. bxa4 Rxf2 29. Nf4 Ne5 30. dxc6 bxc6 31. Rd8+ Kf7 32. Rb8 Rxa4 33. Rd1 Rb4+ 34. Rxb4 cxb4 35. Rd4 c5 36. Rxe4 Kf6 37. Ng6 Nxg6 38. hxg6 Rxg2 39. Rc4 Kxg6 40. Rxc5 h5 41. Rc2 Rxc2 42. Kxc2 h4 0-1

[Event "*** Titled Tuesday Blitz"]
[Site "Chess.com"]
[Date "2020.04.21"]
[Round "2"]
[White "josephymwale33"]
[Black "jsdbv18"]
[Result "0-1"]
[WhiteElo "2286"]
[BlackElo "2546"]
[TimeControl "180+1"]
[EndTime "10:16:37 PDT"]
[Termination "jsdbv18 won by resignation"]

1. d4 Nf6 2. Nf3 e6 3. c4 d5 4. g3 Bb4+ 5. Nbd2 O-O 6. a3 Be7 7. Bg2 dxc4 8. Nxc4 b5 9. Nce5 Bb7 10. O-O Nbd7 11.
Qc2 Be4 12. Qb3 Rb8 13. Nxd7 Nxd7 14. Be3 c5 15. dxc5 Nxc5 16. Qc3 Rc8 17. Qd4 Qxd4 18. Nxd4 Bxg2 19. Kxg2 a6 20. Rac1 Na4 21. b4 Nc3 22.
Rc2 Nd5 23. Bd2 Rxc2 24. Nxc2 Rc8 25. Ne3 Nb6 26. Rc1 Rxc1 27. Bxc1 Bf6 28. Kf3 Kf8 29. Ke4 Ke7 30. Nc2 Nc4 31. Nd4 Bxd4 32. Kxd4 Kd6 33. a4 e5+ 34. Kd3 f5 35. axb5 axb5 36. e4 g6 37. f3 Ke6 38. g4 Nd6 39. h4 h5 40.
g5 f4 41. Bd2 Nc4 42. Be1 Ne3 43.
Kc3 Kd6 44. Kd3 Kc6 45. Kc3 Nc4 46. Kd3 Nb2+ 47. Kc3 Na4+ 48. Kd3 Kd6 49. Bd2 Nb2+ 50. Kc3 Nc4 51. Be1 Ne3 52. Bf2 Nd1+ 53. Kd2 Nxf2 54. Ke2 Nh1 55. Kf1 Ng3+ 56. Kg2 Ke6 57. Kf2 Nf5 58.
exf5+ Kxf5 59. Ke2 e4 0-1

[Event "*** Titled Tuesday Blitz"]
[Site "Chess.com"]
[Date "2020.04.21"]
[Round "2"]
[White "TheSodabread"]
[Black "r31415"]
[Result "0-1"]
[WhiteElo "1912"]
[BlackElo "2374"]
[TimeControl "180+1"]
[EndTime "10:16:37 PDT"]
[Termination "r31415 won by resignation"]

1. d4 Nf6 2. Nc3 e6 3. e4 d5 4. e5 Nfd7 5. Nf3 c5 6. Bg5 Qb6 7.
dxc5 Qxb2 8. Nb5 Na6 9. Rb1 Qxa2 10. Ra1 Qb2 11. Rb1 Qa2 12. Ra1 Qxa1 13. Qxa1 Ndxc5 14.
Nd6+ Bxd6 15. exd6 f6 16. Bxf6 gxf6 17. Qxf6 Kd7 18.
Qxh8 Kxd6 19. Bxa6 Nxa6 20. Qxh7 Bd7 21. h4 Nc5 22. h5 Ne4 23. Qg7 Rc8 24. Qe5+ Ke7 25.
h6 Rxc2 26. Kd1 Ba4 27. Qxe6+ Kxe6 28. Nd4+ Kf6 29. h7 Ra2+ 30. Kc1 Ra1+ 31. Kb2 Rxh1 0-1

[Event "*** Titled Tuesday Blitz"]
[Site "Chess.com"]
[Date "2020.04.21"]
[Round "2"]
[White "Spring199"]
[Black "earling8018"]
[Result "1-0"]
[WhiteElo "2383"]
[BlackElo "2042"]
[TimeControl "180+1"]
[EndTime "10:16:38 PDT"]
[Termination "Spring199 won by resignation"]

1. d4 d5 2. c4 e6 3. Nc3 Nf6 4. cxd5 exd5 5. Bg5 Be7 6. e3 Nbd7 7. Bd3 O-O 8. Nge2 Re8 9. O-O Nf8 10. Qc2 c6 11. Rad1 Ng6 12. Nf4 Ne4 13. Bxe7 Qxe7 14. Nfxd5 cxd5 15. Nxd5 Qg5 16. Bxe4 Rxe4 17. Qxe4 Bf5 18.
Qf3 Bg4 19. Qg3 h5 20. Nc3 h4 21. f4 Qf5 22. e4 Qh5 23. Qf2 Bxd1 24. Nxd1 Re8 25. f5 Ne7 26. f6 Ng6 27. fxg7 Kxg7 28. Qxf7+ Kh6 29. Qxe8 1-0

[Event "*** Titled Tuesday Blitz"]
[Site "Chess.com"]
[Date "2020.04.21"]
[Round "2"]
[White "ehrenfeld"]
[Black "Parhamov"]
[Result "0-1"]
[WhiteElo "2471"]
[BlackElo "3045"]
[TimeControl "180+1"]
[EndTime "10:16:39 PDT"]
[Termination "Parhamov won on time"]

1. e4 c5 2. d3 Nc6 3. f4 g6 4.
Nf3 Bg7 5. Be2 d6 6. O-O Nf6 7. Qe1 O-O 8. Qh4 e6 9. c3 b5 10.
e5 Nd5 11. Qxd8 Rxd8 12. exd6 Rxd6 13. g3 a5 14. Nbd2 Rd8 15. Ne4 b4 16. c4 Nd4 17.
Bd1 Nb6 18. Be3 Na4 19. Bxa4 Nxf3+ 20. Rxf3 Rxd3 21. Rd1 Rxd1+ 22. Bxd1 Bb7 23. Nd2 Bxf3 24. Bxf3 Rd8 25. b3 Rd3 26. Kf2 Bd4 27. Nf1 a4 28. Bxd4 axb3 29. axb3 cxd4 30. c5 Kf8 31. c6 Ke7 32. c7 Kd7 33. Bc6+ Kxc7 34. Ba4 f6 35. Ke2 Rc3 36. Nd2 e5 37. fxe5 fxe5 38. Bb5 e4 39. Bc4 Kc6 40. h4 Rxg3 41. Nf1 Rh3 0-1

[Event "*** Titled Tuesday Blitz"]
[Site "Chess.com"]
[Date "2020.04.21"]
[Round "2"]
[White "kakakz"]
[Black "RovenVogel"]
[Result "0-1"]
[WhiteElo "2378"]
[BlackElo "2687"]
[TimeControl "180+1"]
[EndTime "10:16:39 PDT"]
[Termination "RovenVogel won by resignation"]

1. d4 d5 2. Nf3 Nf6 3. g3 Bf5 4. Bg2 e6 5. c4 c6 6. Nc3 Nbd7 7. O-O h6 8. Qb3 Qb6 9. c5 Qa6 10. a4 Be7 11. Bf4 b6 12. cxb6 axb6 13. Rfc1 O-O 14. Bf1 Qa5 15. Bd2 Qa7 16. Bf4 Rfc8 17. h3 Ne4 18. g4 Bg6 19. e3 Nxc3 20. Rxc3 c5 21.
Bb5 Be4 22. Nd2 Nf6 23. f3 Bg6 24. Rac1 Ne8 25. e4 Bf6 26. e5 Be7 27. Be3 Nc7 28. Bf2 c4 29. Qa2 Nxb5 0-1

[Event "*** Titled Tuesday Blitz"]
[Site "Chess.com"]
[Date "2020.04.21"]
[Round "2"]
[White "gmcorrales"]
[Black "Sunnika"]
[Result "1-0"]
[WhiteElo "2835"]
[BlackElo "2355"]
[TimeControl "180+1"]
[EndTime "10:16:39 PDT"]
[Termination "gmcorrales won on time"]

1. g3 Nf6 2. Bg2 d5 3. Nf3 c6 4.
O-O Bg4 5. b3 Nbd7 6. Bb2 Qc7 7.
c4 e6 8. d4 Bd6 9. Nbd2 h6 10.
Qc2 Bf5 11. Qc3 O-O 12. Rad1 a5 13. a3 Ne4 14. Qc1 b5 15. c5 Be7 16. Nb1 b4 17. a4 e5 18. e3 exd4 19. exd4 Bf6 20. Ne1 Rfe8 21. f3 Ng5 22. h4 Ne6 23. f4 h5 24. Nf3 Bg4 25. Nbd2 g6 26. Rde1 Bxf3 27. Nxf3 Ng7 28. Ne5 Nf5 29. Kh2 Nf8 30. Bh3 Ne6 31.
Bxf5 gxf5 32. Qd1 Ng7 33. Re3 Re6 34. Rfe1 Rae8 35. Qd3 Qc8 36. Bc1 R8e7 37. Nf3 Re4 38. Ne5 Re6 39. Kg2 Re7 40. Bb2 Re6 41. Kf2 Re7 42. Nf3 R7e6 43. Nd2 Rxe3 44. Rxe3 Kf8 45. Rxe6 fxe6 46. Nf3 Kf7 47. Qe2 Kg6 48. Ng5 Bxg5 49. fxg5 Qc7 50. Bc1 Qd7 51. Bf4 1-0

[Event "*** Titled Tuesday Blitz"]
[Site "Chess.com"]
[Date "2020.04.21"]
[Round "2"]
[White "WeAintSurePal"]
[Black "AtabayevSaparmyrat"]
[Result "1-0"]
[WhiteElo "2362"]
[BlackElo "2734"]
[TimeControl "180+1"]
[EndTime "10:16:39 PDT"]
[Termination "WeAintSurePal won on time"]

1. d4 Nf6 2. Nf3 d5 3. c3 g6 4. Bg5 Bg7 5. Nbd2 O-O 6. e3 Nbd7 7. Be2 b6 8. a4 a5 9. O-O Bb7 10.
h3 h6 11. Bh4 Re8 12. Bg3 Rc8 13. Ne5 Nxe5 14. Bxe5 Nd7 15. Bxg7 Kxg7 16. Nf3 e6 17. b4 Ra8 18. b5 Qe7 19. Qd2 c5 20. bxc6 Bxc6 21. Qb2 Rab8 22. c4 dxc4 23. d5+ Nf6 24.
dxc6 Rec8 25. Ne5 Qc5 26. Nd7 Qxc6 27. Qxf6+ Kg8 28. Nxb8 Rxb8 29. Rfc1 e5 30. Qxc6 Kg7 31. Qd6 Re8 32. Rxc4 h5 33. Rc7 h4 34. Bc4 Kh6 35.
Rxf7 e4 36. Rf6 Rg8 37. Bxg8 1-0

[Event "*** Titled Tuesday Blitz"]
[Site "Chess.com"]
[Date "2020.04.21"]
[Round "2"]
[White "krasavetc"]
[Black "KetiTsatsalashvili"]
[Result "1-0"]
[WhiteElo "2451"]
[BlackElo "2221"]
[TimeControl "180+1"]
[EndTime "10:16:39 PDT"]
[Termination "krasavetc won by checkmate"]

1. e4 c5 2. Nf3 d6 3. Bb5+ Bd7 4.
Bxd7+ Nxd7 5. O-O Ngf6 6. Re1 e6 7. c3 Be7 8. d4 cxd4 9. cxd4 d5 10. e5 Ne4 11. Nbd2 Nxd2 12. Bxd2 O-O 13. Rc1 Rc8 14.
Rxc8 Qxc8 15. Qb3 Qb8 16. h4 Nb6 17. h5 h6 18. Nh2 Nc4 19. Bc1 Rc8 20. Ng4 Qc7 21.
Qg3 Kh7 22. Qd3+ Kg8 23. f4 Qa5 24. Rf1 Nb6 25. f5 Qb4 26. f6 Bf8 27. fxg7 Bxg7 28. Nxh6+ Kh8 29. Nxf7+ Kg8 30. h6 Rxc1 31. Rxc1 Kxf7 32.
Rf1+ Kg8 33. hxg7 Kxg7 34. Qg3+ Kh8 35. Qh4+ Kg7 36. Rf6 Qd2 37. Qg4+ Kh8 38. Qh5+ Kg7 39. Qg6+ Kh8 40. Rf8# 1-0

[Event "*** Titled Tuesday Blitz"]
[Site "Chess.com"]
[Date "2020.04.21"]
[Round "2"]
[White "arminmusovic"]
[Black "Konavets"]
[Result "1/2-1/2"]
[WhiteElo "2490"]
[BlackElo "3019"]
[TimeControl "180+1"]
[EndTime "10:16:40 PDT"]
[Termination "Game drawn by agreement"]

1. a3 e5 2. Nc3 d5 3. d4 e4 4. Bf4 c6 5. f3 Bd6 6. Bxd6 Qxd6 7. fxe4 dxe4 8. Nxe4 Qg6 9. Nf2 Nf6 10. Nf3 O-O 11. Ne5 Qh5 12. e4 Qxd1+ 13. Rxd1 Re8 14. Bc4 Be6 15.
Bxe6 Rxe6 16. O-O Na6 17. Rfe1 Rae8 18. Nfd3 R6e7 19. b4 Nc7 20. Nc5 Nb5 21. Rd3 Nxd4 22. Rxd4 Rxe5 23. Nxb7 Nxe4 24. Nd6 Nxd6 25. Rxe5 Rxe5 26.
Rxd6 g5 27. Rxc6 Re2 28. Rc7 Kg7 29. Rxa7 Rxc2 30. b5 Rb2 31. a4 h5 32. Ra6 h4 33.
h3 f5 34. b6 g4 35. hxg4 fxg4 36. Ra7+ Kg6 37. b7 g3 38. Kf1 Rb1+ 39. Ke2 h3 40.
Ra6+ Kg7 41. Ra7 Kf6 42. Ra6+ Ke7 43. gxh3 g2 44. b8=Q Rxb8 45. Kf2 Rg8 46. Kg1 Rg3 47. h4 Rh3 48. a5 Rxh4 49. Kxg2 Ra4 50. Kf3 Kd7 51.
Ke3 Kc7 52. Kd3 Kb7 53. Rb6+ Ka7 54. Rb5 Ka6 55. Rb6+ Kxa5 56. Rb8 Rh4 57. Rb1 1/2-1/2

[Event "*** Titled Tuesday Blitz"]
[Site "Chess.com"]
[Date "2020.04.21"]
[Round "2"]
[White "Matibar"]
[Black "lestri"]
[Result "1-0"]
[WhiteElo "2777"]
[BlackElo "2532"]
[TimeControl "180+1"]
[EndTime "10:16:41 PDT"]
[Termination "Matibar won by checkmate"]

1. e4 d6 2. d4 Nf6 3. Nc3 e5 4. Nf3 Nbd7 5. Rg1 g6 6. g4 Bg7 7. Be3 c6 8. g5 Nh5 9. Qd2 Qa5 10.
O-O-O O-O 11. Kb1 Re8 12. d5 Bf8 13. Be2 c5 14. Nb5 Qd8 15. c4 a6 16. Nc3 Rb8 17.
Nh4 Nf4 18. Bxf4 exf4 19. Qxf4 Ne5 20. Qd2 b5 21. cxb5 axb5 22. f4 Nc4 23. Bxc4 bxc4 24. f5 Qa5 25. f6 Qb4 26. Rg3 h6 27.
gxh6 Bxh6 28. Qg2 Rb7 29. Nxg6 fxg6 30. Rxg6+ Kh7 31. Rg1 Re5 32. Rxh6+ Kxh6 33. Qg6# 1-0

[Event "*** Titled Tuesday Blitz"]
[Site "Chess.com"]
[Date "2020.04.21"]
[Round "2"]
[White "Agent-JL"]
[Black "GOGIEFF"]
[Result "0-1"]
[WhiteElo "2603"]
[BlackElo "2958"]
[TimeControl "180+1"]
[EndTime "10:16:42 PDT"]
[Termination "GOGIEFF won by resignation"]

1. Nf3 d5 2. b4 Bg4 3. Bb2 Nd7 4. a3 Ngf6 5. g3 e6 6. Bg2 c6 7. d3 a5 8. c3 Be7 9. O-O O-O 10. Nbd2 b5 11. Qc2 Qb6 12. e4 Rfc8 13. h3 Bh5 14. Rfb1 c5 15. bxa5 Qxa5 16. c4 bxc4 17. dxc4 d4 18.
Ne1 Qa4 19. Qxa4 Rxa4 20. Nd3 Ne8 21. Rc1 e5 22. f4 f6 23. Bf1 Nd6 24. Rab1 Bf7 25.
Nf2 h5 26. Rc2 Rb8 27. Rbc1 g5 28. f5 Nb6 29. g4 Nbxc4 30. Nxc4 Nxc4 31. Bxc4 Rxc4 32. Rxc4 Bxc4 33. Bxd4 exd4 34. Rxc4 Rb3 35. a4 h4 36. Kf1 Bd6 37. a5 Ra3 38. Nd3 Rxd3 0-1

[Event "*** Titled Tuesday Blitz"]
[Site "Chess.com"]
[Date "2020.04.21"]
[Round "2"]
[White "Blitzking642"]
[Black "pirulillo"]
[Result "1-0"]
[WhiteElo "2421"]
[BlackElo "2152"]
[TimeControl "180+1"]
[EndTime "10:16:42 PDT"]
[Termination "Blitzking642 won by checkmate"]

1. d4 Nf6 2. c4 g6 3. Nc3 Bg7 4. e4 d6 5. Nf3 O-O 6. Be2 e5 7.
d5 a5 8. Bg5 h6 9. Be3 Ng4 10.
Bd2 f5 11. h3 Nf6 12. exf5 gxf5 13. Qc1 Kh7 14. g4 f4 15. Qc2+ Kh8 16. Nh4 Na6 17. Ng6+ Kg8 18. Nxf8 Qxf8 19. f3 Nc5 20. O-O-O c6 21.
Rdg1 cxd5 22. cxd5 Nfd7 23. h4 b5 24. Bxb5 Rb8 25. g5 h5 26. Qg6 e4 27. fxe4 Ne5 28.
Qxh5 Ncd3+ 29. Kb1 Rxb5 30. Nxb5 Nc4 31. Bc3 Ba6 32.
g6 Qe7 33. Qh7+ Kf8 34. Qxg7+ Qxg7 35. Bxg7+ Kxg7 36. h5 Bxb5 37. h6+ Kf6 38. g7 Nd2+ 39.
Kc2 Nxe4 40. g8=Q Nb4+ 41. Kd1 Nf2+ 42. Kc1 Nxa2+ 43. Kb1 Bd3+ 44. Kxa2 Nxh1 45. Qe6# 1-0

[Event "*** Titled Tuesday Blitz"]
[Site "Chess.com"]
[Date "2020.04.21"]
[Round "2"]
[White "gixfantastix"]
[Black "GuerrieroFromLevant"]
[Result "0-1"]
[WhiteElo "2093"]
[BlackElo "2392"]
[TimeControl "180+1"]
[EndTime "10:16:42 PDT"]
[Termination "GuerrieroFromLevant won by resignation"]

1. e3 Nf6 2. b3 d5 3. Bb2 c5 4. Nf3 Nc6 5. Be2 Bg4 6. O-O e6 7.
d4 Rc8 8. Nbd2 cxd4 9. Nxd4 Nxd4 10. Bxg4 Nxc2 11. Rc1 Nb4 12. Be2 Nc6 13. e4 Bb4 14. exd5 exd5 15. Nf3 O-O 16. Bxf6 Qxf6 17. Qxd5 Rcd8 18.
Qb5 Ba3 19. Rcd1 Rde8 20. Bc4 b6 21. Rd7 Bc5 22. Rc7 Ne5 23. Nxe5 Qxe5 24. Rxf7 Rxf7 25. Qd7 Qe7 26. Qf5 g6 27. Bxf7+ Qxf7 28. Qh3 Rf8 29. Qh6 Bxf2+ 30. Kh1 Be3 31. Rxf7 Bxh6 32. Rxf8+ Bxf8 33. g3 Kf7 34. Kg2 Ke6 35. Kf3 Kd5 36. g4 Bh6 37. h4 Kd4 38. g5 Bf8 39. Kg4 Bd6 40. h5 Ke4 41. h6 Bf4 0-1

[Event "*** Titled Tuesday Blitz"]
[Site "Chess.com"]
[Date "2020.04.21"]
[Round "2"]
[White "RD4ever"]
[Black "agus_k"]
[Result "0-1"]
[WhiteElo "2829"]
[BlackElo "2591"]
[TimeControl "180+1"]
[EndTime "10:16:43 PDT"]
[Termination "agus_k won by resignation"]

1. e4 c5 2. Nf3 d6 3. d4 cxd4 4. Nxd4 Nf6 5. Nc3 a6 6. Bd3 e6 7. f4 Nc6 8. Nxc6 bxc6 9. e5 Nd5 10.
Ne4 Be7 11. Qg4 O-O 12. O-O Nb4 13. exd6 Bxd6 14. Rd1 Qb6+ 15. Kh1 f5 16. Qh3 Nxd3 17. Qxd3 Be7 18. Nc3 a5 19. Be3 c5 20. Na4 Qc6 21. Qc4 Bb7 22. Rd2 Rfd8 23. Rg1 Rxd2 24. Bxd2 Rd8 25. Be3 Rd1 26. Qe2 Rxg1+ 27. Bxg1 Qxa4 28.
Qxe6+ Kf8 29. Qxf5+ Ke8 30. Qh5+ g6 31. Qxh7 Qe4 32.
Qh3 Qxc2 33. b3 Qxa2 34. Qg4 Qc2 35. h3 Qf5 36. Qg3 Qe4 37. Kh2 Bh4 38. Qg4 Be7 39. Bf2 Bd6 40. Be3 Qxe3 41. Qxg6+ Kd7 0-1

[Event "*** Titled Tuesday Blitz"]
[Site "Chess.com"]
[Date "2020.04.21"]
[Round "2"]
[White "Yanidze"]
[Black "viktorskliarov"]
[Result "0-1"]
[WhiteElo "2463"]
[BlackElo "2684"]
[TimeControl "180+1"]
[EndTime "10:16:45 PDT"]
[Termination "viktorskliarov won by checkmate"]

1. d4 Nf6 2. c4 e6 3. Nc3 Bb4 4. e3 b6 5. Ne2 Ne4 6. Qc2 Bb7 7. a3 Bxc3+ 8. Nxc3 Nxc3 9. Qxc3 O-O 10. f3 Qh4+ 11.
g3 Qh5 12. g4 Qh4+ 13. Ke2 f5 14. gxf5 Rxf5 15. Bg2 Qh5 16. Rf1 Qxh2 17. Rf2 Qg3 18. Bd2 Nc6 19. Rh1 Raf8 20. Rh3 Qg6 21. e4 Rh5 22. d5 exd5 23. cxd5 Ba6+ 24. Kd1 Ne5 25. Kc2 c5 26. f4 Rxh3 27. Bxh3 Qxe4+ 28. Kd1 Qh1+ 29. Kc2 Bd3+ 30. Kb3 Qd1+ 31. Ka2 Bb1+ 32. Ka1 Bc2+ 33. Ka2 Qb1# 0-1